 Dungeon Crawl Stone Soup version 0.21-a0-404-g291f19a (webtiles) character file.

79 zodiak12 the Skirmisher (level 4, -5/40 HPs)
             Began as a Draconian Fighter on Oct 31, 2017.
             Killed from afar by an orc warrior (15 damage)
             ... with an exploding inner flame
             ... hexed by the player character
             ... on level 3 of the Dungeon.
             The game lasted 00:09:19 (1916 turns).

zodiak12 the Skirmisher (Draconian Fighter)         Turns: 1916, Time: 00:09:20

Health: -5/40      AC:  5    Str: 19    XL:     4   Next: 16%
Magic:  4/4        EV:  9    Int:  9    God:
Gold:   120        SH:  8    Dex: 10    Spells: 3/3 levels left

rFire    + . .     SeeInvis +   c - +2 spear (venom)
rCold    . . .     Gourm    .   b - +0 shield
rNeg     . . .     Faith    .   (armour unavailable)
rPois    .         Spirit   .   (helmet restricted)
rElec    .         Reflect  .   (no cloak)
rCorr    .         Harm     .   (no gloves)
MR       .....                  (no boots)
Stlth    +.........             (no amulet)
HPRegen  0.13/turn              e - ring of see invisible
MPRegen  0.09/turn              h - ring of protection from fire

@: heavily drained
A: unfitting armour, cold-blooded, AC +5
a: no special abilities


You were on level 3 of the Dungeon.
You were not hungry.

You visited 1 branch of the dungeon, and saw 3 of its levels.

You collected 120 gold pieces.

Inventory:

Hand Weapons
 a - a +0 long sword
 c - a +2 spear of venom (weapon)
Missiles
 g - 58 stones (quivered)
Armour
 b - a +0 shield (worn)
Jewellery
 e - a ring of see invisible (left hand)
 h - a ring of protection from fire (right hand)
 n - an uncursed amulet of harm
Scrolls
 i - a scroll of enchant armour {unknown}
 j - a scroll of immolation
 k - a scroll of remove curse {unknown}
 l - a scroll of fog {unknown}
 o - 2 scrolls of identify {unknown}
Comestibles
 d - 3 bread rations
 f - 2 meat rations
 m - 6 chunks of flesh


   Skills:
 * Level 4.1(2.4) Fighting
 + Level 2.5(0.9) Long Blades
 + Level 0.2(0.0) Throwing
 * Level 3.3(1.7) Dodging
 + Level 3.4(1.7) Shields


You had 3 spell levels left.
You didn't know any spells.

Dungeon Overview and Level Annotations

Branches:
Dungeon (3/15)

Altars:
Hepliaklqana
Kikubaaqudgha
Okawaru
Wu Jian


Innate Abilities, Weirdness & Mutations

Your plain brown scales are hard. (AC +5)
You cannot fit into any form of body armour.
You are cold-blooded and may be slowed by cold attacks.


Message History

You hit the orc priest but do no damage.
The orc priest looks as sick as possible!
The orc priest is severely wounded.
The orc priest calls down the wrath of Beogh upon you.
Beogh smites you!
The orc warrior hits you with a scimitar!
* * * LOW HITPOINT WARNING * * *
You hear a shout!
Unknown command.
You aren't carrying any potions.
As you read the scroll labeled AQEIPLIMED, it crumbles to dust.
The creatures around you are filled with an inner flame!
It was a scroll of immolation.
The orc priest explodes!
The fiery explosion engulfs the orc.
The orc explodes!
The fiery explosion engulfs the orc warrior.
The orc warrior explodes!
The fiery explosion engulfs you! You resist.
You die...

#.. #.. . ########.. ..
#......... ...#######
#......... .....>...###
#...[..... ...........#
##.........
...........###..........
.##..#§@................
# #§§§#..............
..§§#§..####.........
...§§...... ..........
#....####..######..##.#.
...#o .... .###.#. .....
...... ## #. ..#.
........ #


You could see an orc (inner flame).

Vanquished Creatures
  2 adders (D:2)
  An ooze (D:1)
  A worm (D:2)
  A dart slug (D:2)
  2 leopard geckos (D:2)
  An orc (D:3)
  2 ball pythons (D:1)
  A giant cockroach (D:2)
  3 goblins
  5 hobgoblins
  8 jackals
  6 kobolds
  7 bats
  7 rats
47 creatures vanquished.

Notes
Turn   | Place    | Note
-------+----------+-------------------------------------------
     0 | D:1      | zodiak12 the Draconian Fighter began the quest for the Orb.
     0 | D:1      | Reached XP level 1. HP: 19/19 MP: 1/1
   192 | D:1      | Reached XP level 2. HP: 24/26 MP: 2/2
   856 | D:2      | Reached XP level 3. HP: 33/33 MP: 3/3
   927 | D:2      | Reached skill level 4 in Fighting
  1246 | D:2      | Found an ancient bone altar of Kikubaaqudgha.
  1248 | D:2      | Found an iron altar of Okawaru.
  1256 | D:2      | Found a hazy altar of Hepliaklqana.
  1421 | D:2      | Found an ornate altar of the Wu Jian Council.
  1444 | D:2      | Reached XP level 4. HP: 40/40 MP: 4/4
  1910 | D:3      | Noticed an orc warrior
  1916 | D:3      | Killed an orc warrior
  1916 | D:3      | Killed from afar by an orc warrior

Vault maps used:
D:1:      dpeg_arrival_boxorama, minmay_tiny_reverse_x
D:2:      nicolae_overflow_hidden_temple, grunt_temple_overflow_open

Skill      XL: |  1  2  3 |
---------------+----------+-----
Dodging        | 3 |  3.3
Fighting       | 4 |  4.1
Long Blades    | |  2.5
Throwing       | |  0.2
Shields        | |  3.4

Action                   |  1- 3 |  4- 6 || total
-------------------------+-------+-------++-------
Melee: Long sword        |    79 |       ||    79
       Tailslap          |     7 |     7 ||    14
       Spear             |    22 |    30 ||    52
Throw: Stone             |    22 |     8 ||    30
  Use: Potion            |     3 |       ||     3
       Scroll            |       |     1 ||     1
  Eat: Chunk             |     2 |     1 ||     3
Armor: Skin              |    36 |     4 ||    40
Dodge: Dodged            |    70 |    17 ||    87
Block: Shield            |    66 |     8 ||    74
       Rpst.: Long sword |    17 |       ||    17

Table legend:
 A = Spawn XP
 B = Non-spawn XP
 C = Spawn XP percentage of total XP
 D = Spawn monster count
 E = Non-spawn monster count
 F = Spawn count percentage of total count
 G = Total turns spent on level
                    A         B        C        D         E        F      G
               +---------+---------+-------+---------+---------+-------+---------
         Total |       0 |     113 |   0.0 |       0 |      47 |   0.0 |  1916
               +---------+---------+-------+---------+---------+-------+---------
           D:1 |       0 |      32 |   0.0 |       0 |      16 |   0.0 |   814
           D:2 |       0 |      73 |   0.0 |       0 |      26 |   0.0 |  1023
           D:3 |       0 |       8 |   0.0 |       0 |       5 |   0.0 |    79
               +---------+---------+-------+---------+---------+-------+---------
